 Dungeon Crawl Stone Soup version 0.21-a0-508-gf08a75f (webtiles) character file.

57 slep the Skirmisher (level 3, -5/29 HPs)
             Began as a Demonspawn Fighter on Nov 29, 2017.
             Slain by a gnoll
             ... wielding a +0 halberd
              (14 damage)
             ... on level 2 of the Dungeon.
             The game lasted 00:04:03 (1701 turns).

slep the Skirmisher (Demonspawn Fighter)            Turns: 1701, Time: 00:04:03

Health: -5/29      AC:  6    Str: 13 (16) XL:     3   Next: 73%
Magic:  3/3        EV:  6    Int: 12 (14) God:
Gold:   79         SH:  8    Dex: 10 (13) Spells: 2/2 levels left

rFire    . . .     SeeInvis .   a - +0 trident
rCold    . . .     Gourm    .   c - +0 shield
rNeg     . . .     Faith    .   b - +0 scale mail
rPois    .         Spirit   .   (helmet restricted)
rElec    .         Reflect  .   (no cloak)
rCorr    .         Harm     .   (no gloves)
MR       .....                  (no boots)
Stlth    +.........             (no amulet)
HPRegen  0.09/turn              (no ring)
MPRegen  0.08/turn              (no ring)

@: brilliant, hasted, very quick
A: horns 1, nightstalker 1, wild magic 2
a: no special abilities


You were on level 2 of the Dungeon.
You were hungry.

You visited 1 branch of the dungeon, and saw 2 of its levels.

You collected 79 gold pieces.

Inventory:

Hand Weapons
 a - a +0 trident (weapon)
Armour
 b - a +0 scale mail (worn)
 c - a +0 shield (worn)
Scrolls
 e - 4 scrolls of remove curse {unknown}
 j - a scroll of immolation {unknown}
 m - a scroll of identify {unknown}
 n - a scroll of enchant armour {unknown}
 o - a scroll of fog {unknown}
 p - a scroll of noise {unknown}
 r - a scroll of teleportation {unknown}
 s - a scroll of magic mapping {unknown}
Potions
 d - a potion of might
 t - a potion of resistance {unknown}
Comestibles
 f - 3 bread rations
 i - a royal jelly


   Skills:
 + Level 3.5 Fighting
 + Level 2.5 Polearms
 + Level 3.1 Armour
 + Level 0.2 Dodging
 + Level 3.0 Shields


You had 2 spell levels left.
You didn't know any spells.

Dungeon Overview and Level Annotations

Branches:
Dungeon (2/15)

Altars:
Yredelemnul


Innate Abilities, Weirdness & Mutations

You have a pair of small horns on your head.
You are slightly more attuned to the shadows.
Your spells are harder to cast, but more powerful.


Message History

You completely miss the gnoll.
The gnoll is moderately wounded.
The gnoll hits you with a flail.
You hit the gnoll.
The gnoll is moderately wounded.
You block the gnoll's attack. The gnoll hits you with a flail.
You hit the gnoll.
The gnoll is heavily wounded.
You block the gnoll's attack.
You closely miss the gnoll.
The gnoll is heavily wounded.
You block the gnoll's attack.
The gnoll hits you from afar with a halberd.
You barely miss the gnoll.
The gnoll is heavily wounded.
The gnoll hits you with a flail.
You hit the gnoll.
The gnoll is almost dead.
The gnoll hits you from afar with a halberd!
You die...

#.# #......# ##...## #.#
######.# ##.## #.#
#.##########.#####
#.#########.................
#..[.............####.######
###########.####.## #.#
#(###...###.# #.##.....##.#
#@#.......#.##
#g#..._...#..#####
#g#.......#.......
#g##.....##..#####
#.###...###.## #g.....#####
#.# #g##...... #.# #
######## #.###### #.......


You could see 3 gnolls.

Vanquished Creatures
  A gnoll (D:2)
  A worm (D:2)
  A dart slug (D:2)
  A leopard gecko (D:1)
  3 giant cockroaches
  6 goblins
  3 hobgoblins
  2 jackals (D:1)
  A quokka (D:2)
  A ball python (D:2)
  4 bats
  2 frilled lizards
  7 kobolds
  6 rats
39 creatures vanquished.

Notes
Turn   | Place    | Note
-------+----------+-------------------------------------------
     0 | D:1      | slep the Demonspawn Fighter began the quest for the Orb.
     0 | D:1      | Reached XP level 1. HP: 18/18 MP: 1/1
   493 | D:1      | Gained mutation: You have a pair of small horns on your head. [demonic ancestry]
   493 | D:1      | Reached XP level 2. HP: 24/24 MP: 2/2
  1271 | D:2      | Gained mutation: You are slightly more attuned to the shadows. [demonic ancestry]
  1271 | D:2      | Reached XP level 3. HP: 29/29 MP: 3/3
  1629 | D:2      | Found a basalt altar of Yredelemnul.
  1692 | D:2      | Gained mutation: Your spells are a little harder to cast, but a little more powerful. [potion of mutation]
  1692 | D:2      | Gained mutation: Your spells are harder to cast, but more powerful. [potion of mutation]
  1701 | D:2      | Slain by a gnoll

Vault maps used:
D:1:      roderic_crossed_star
D:2:      lemuel_round_altar, first_bread, minmay_rat_hole

Skill      XL: |  1  2  3 |
---------------+----------+-----
Polearms       | 2 |  2.5
Shields        | 3 |  3.0
Armour         | 3 |  3.1
Fighting       | |  3.5
Dodging        | |  0.2

Action                   || total
-------------------------++-------
Melee: Trident           ||   124
       Headbutt          ||    11
  Use: Potion            ||     4
 Stab: Distracted        ||     1
  Eat: Chunk             ||     2
Armor: Scale mail        ||    46
Dodge: Dodged            ||    28
Block: Shield            ||    55

Table legend:
 A = Spawn XP
 B = Non-spawn XP
 C = Spawn XP percentage of total XP
 D = Spawn monster count
 E = Non-spawn monster count
 F = Spawn count percentage of total count
 G = Total turns spent on level
                    A         B        C        D         E        F      G
               +---------+---------+-------+---------+---------+-------+---------
         Total |       0 |      82 |   0.0 |       0 |      39 |   0.0 |  1701
               +---------+---------+-------+---------+---------+-------+---------
           D:1 |       0 |      26 |   0.0 |       0 |      16 |   0.0 |   903
           D:2 |       0 |      56 |   0.0 |       0 |      23 |   0.0 |   798
               +---------+---------+-------+---------+---------+-------+---------
